AoeStats
← maiyo

Arabia

507592846Analyzed
3v3 RM · 14d ago on Sep 18, 2026· 97m 46s· 6 players
Game mode
Random Map
Map size
Normal (6 player)
Population
200
Speed
Normal
Resources
Standard
Victory
Conquest
Starting age
Dark Age
Ending age
Imperial Age
RankedLock teamsTeams togetherTeam positionsShared explorationLock speedFull tech treeHidden civsTurbo modeCheats
Victory
Defeat
🇵🇪 Hindustanis · Peru
783
+14
🇺🇸 Goths · United States
773
+15
🇺🇸 Burmese · United States
694
+18
🇦🇷 Mongols · Argentina
785
-17
🇩🇪 Celts · Germany
730
-15
🇦🇷 Maya · Argentina
723
-15
MAS29
6:22 Loom
10:08 Feudal Age
10:49 Arson
11:09 Double-Bit Axe
15:02 Town Watch
29:03 Castle Age
29:19 Crossbowman
34:26 Fletching
47:49 Thumb Ring
53:37 Padded Archer Armor
63:15 Bodkin Arrow
63:36 Leather Archer Armor
65:56 Ballistics
67:58 Scale Mail Armor
70:08 Eagle Warrior
74:03 Forging
Pepin_Pistolin
7:56 Loom
10:55 Feudal Age
11:51 Double-Bit Axe
11:50 Horse Collar
16:14 Wheelbarrow
17:45 Castle Age
19:10 Bow Saw
20:51 Man-at-Arms
34:30 Town Watch
37:01 Wheelbarrow
40:00 Hand Cart
45:06 Imperial Age
45:23 Heavy Scorpion
46:04 Light Cavalry
48:54 Chemistry
48:18 Ballistics
49:25 Chemistry
49:11 Furor Celtica
50:47 Hussar
54:51 Furor Celtica
74:45 Fletching
81:08 Scale Barding Armor
81:15 Forging
81:52 Bodkin Arrow
83:09 Chain Barding Armor
83:26 Iron Casting
munileven
10:31 Feudal Age
14:27 Castle Age
13:17 Loom
15:00 Double-Bit Axe
26:03 Bow Saw
29:16 Fletching
29:26 Padded Archer Armor
34:16 Bodkin Arrow
34:36 Leather Archer Armor
38:00 Ballistics
40:54 Imperial Age
40:19 Scale Barding Armor
44:26 Chemistry
44:38 Conscription
51:43 Elite Mangudai
52:40 Forging
63:47 Bloodlines
62:59 Light Cavalry
64:57 Chain Barding Armor
65:13 Iron Casting
76:29 Coinage
77:20 Drill
76:36 Hussar
81:37 Banking
81:33 Gold Mining
84:32 Horse Collar
84:27 Onager
89:52 Heavy Plow
89:45 Siege Onager
alex.j.mai
11:35 Feudal Age
11:51 Man-at-Arms
17:27 Horse Collar
21:11 Castle Age
19:53 Forging
21:39 Long Swordsman
22:12 Gold Mining
31:34 Elite Skirmisher
40:14 Imperial Age
44:20 Two-Handed Swordsman
58:24 Champion
74:51 Gold Shaft Mining
80:07 Onager
91:37 Light Cavalry
93:26 Bloodlines
Templario_123_1
0:28 Loom
12:52 Feudal Age
17:42 Castle Age
15:34 Double-Bit Axe
15:31 Horse Collar
16:35 Gold Mining
18:45 Stone Mining
20:10 Heavy Plow
20:29 Bow Saw
20:47 Squires
59:36 Wheelbarrow
59:59 Pikeman
62:42 Hand Cart
62:04 Elite Skirmisher
62:52 Thumb Ring
69:56 Imperial Age
67:55 Fletching
68:06 Padded Archer Armor
68:06 Murder Holes
68:32 Ballistics
69:15 Bloodlines
70:40 Bodkin Arrow
71:00 Leather Archer Armor
70:50 Husbandry
71:07 Heavy Cavalry Archer
71:11 Light Cavalry
74:07 Two-Man Saw
73:17 Bracer
76:06 Ring Archer Armor
76:16 Heavy Camel Rider
77:55 Town Watch
77:36 Siege Elephant
80:51 Forging
80:49 Scale Barding Armor
84:40 Iron Casting
85:46 Conscription
85:33 Shatagni
86:12 Grand Trunk Road
87:23 Imperial Camel Rider
89:20 Elite Ghulam
maiyo
12:41 Feudal Age
13:08 Man-at-Arms
14:29 Double-Bit Axe
32:24 Castle Age
30:40 Forging
31:43 Scale Mail Armor
33:12 Long Swordsman
33:54 Squires
33:20 Elite Skirmisher
37:27 Iron Casting
38:34 Fletching
45:24 Anarchy
53:33 Imperial Age
52:24 Bow Saw
53:00 Pikeman
54:05 Halberdier
54:56 Perfusion
55:19 Conscription
57:51 Two-Man Saw
61:34 Heavy Scorpion
61:38 Onager
80:16 Blast Furnace
79:32 Chain Mail Armor
79:13 Bodkin Arrow
79:18 Padded Archer Armor
88:49 Bracer
Connection lost

Rejoining the realm…

Still unreachable

The connection could not be restored.

Session expired

The server has moved on; the page needs a fresh start.